 Dungeon Crawl Stone Soup version 0.27-a0-1105-g946c659c87 (webtiles) character file.

Game seed: 14238400982511603844

2380 tsouns the Sneak (level 9, -1/62 HPs)
             Began as an Octopode Brigand on Apr 30, 2021.
             Was a Priest of Yredelemnul.
             Succumbed to Dowan's poison
             ... on level 7 of the Dungeon.
             The game lasted 00:14:50 (8635 turns).

tsouns the Sneak (Octopode Brigand)                 Turns: 8635, Time: 00:14:51

Health: -1/62      AC:  1    Str: 11    XL:     9   Next: 45%
Magic:  0/14       EV: 12    Int: 16    God:    Yredelemnul [***...]
Gold:   380        SH:  6    Dex: 13    Spells: 8/8 levels left

rFire    . . .     SeeInvis +   a - +3 dagger
rCold    + . .     Faith    .   e - +1 buckler
rNeg     . . .     Spirit   +   (helmet restricted)
rPois    .         Reflect  .   j - amulet of guardian spirit
rElec    .         Harm     .   f - ring of see invisible
rCorr    .         Rampage  .   h - ring of protection from cold
Will     .....                  (no ring)
Stlth    ++++......             (no ring)
HPRegen  0.20/turn              (no ring)
MPRegen  0.14/turn              (no ring)
                                (no ring)
                                (no ring)

@: lethally poisoned (-1 -> -16), hasted, very quick
A: almost no armour, amphibious, 8 rings, camouflage 1, gelatinous body 1,
(nimble swimmer 1), tentacles
a: Renounce Religion, Recall Undead Slaves, Injury Mirror, Animate Dead


You were on level 7 of the Dungeon.
You worshipped Yredelemnul.
Yredelemnul was most pleased with you.
You visited 1 branch of the dungeon, and saw 7 of its levels.

You collected 380 gold pieces.

Inventory:

Hand Weapons
 a - a +3 dagger (weapon)
 v - the +12 trident of Certain Death {elec, *Slow rN+ Dex+3 SInv}
   (You found it on level 6 of the Dungeon)

   Occasionally, upon striking a foe, it can discharge electrical energy and
   cause terrible harm.
   It affects your dexterity (+3).
   It protects you from negative energy.
   It lets you see invisible.
   It may slow you when you take damage.
Missiles
 b - 17 poisoned darts (quivered)
 c - 2 curare-tipped darts
Armour
 e - a +1 buckler (worn)
Jewellery
 f - a ring of see invisible (left tentacle)
 h - a ring of protection from cold (right tentacle)
 j - an amulet of guardian spirit (around mantle)
 o - an amulet of faith
Wands
 l - a wand of flame (33)
 w - a wand of iceblast (2)
Scrolls
 i - 2 scrolls of immolation
 n - a scroll of teleportation {unknown}
 r - a scroll of vulnerability {unknown}
Potions
 g - 2 potions of flight
 m - a potion of degeneration
 p - 2 potions of cancellation
 q - a potion of brilliance
 u - a potion of ambrosia {unknown}


   Skills:
 + Level 6.1 Fighting
 - Level 6.0 Short Blades
 - Level 0.2 Polearms
 - Level 3.6 Throwing
 - Level 1.0 Dodging
 - Level 7.0 Stealth
 - Level 4.5 Shields
 + Level 7.0 Invocations


You had 8 spell levels left.
You didn't know any spells.
Your spell library contained the following spells:

 Spells                   Type           Power      Damage    Failure   Level
 Foxfire                  Conj/Fire      0%         2x1d4     26%         1
 Sandblast                Erth           0%         2d4       26%         1
 Passwall                 Tmut/Erth      0%         N/A       36%         2
 Conjure Flame            Conj/Fire      0%         6-21      58%         3
 Inner Flame              Hex/Fire       0%         N/A       58%         3
 Stone Arrow              Conj/Erth      0%         3d7       58%         3
 Petrify                  Tmut/Erth      0%         N/A       94%         4
 Sticky Flame             Conj/Fire      0%         2d3       94%         4
 Fireball                 Conj/Fire      0%         3d3       100%        5
 Lee's Rapid Deconstruct  Erth           0%         3d5*      100%        5
 Summon Forest            Summ/Tloc      0%         N/A       100%        5
 Summon Mana Viper        Hex/Summ       0%         N/A       100%        5
 Shadow Creatures         Summ           N/A        N/A       100%        6
 Summon Hydra             Summ           0%         N/A       100%        7


Dungeon Overview and Level Annotations

Branches:
Dungeon (7/15)             Temple (0/1) D:6

Altars:
Ashenzari
Elyvilon
Fedhas
Kikubaaqudgha
Nemelex Xobeh
Trog
Vehumet
Wu Jian
Yredelemnul
The Shining One

Annotations:
D:7 Dowan


Innate Abilities, Weirdness & Mutations

You cannot wear most types of armour.
You are amphibious.
You can wear up to eight rings at the same time.
Your skin changes colour to match your surroundings (Stealth+).
Your rubbery body absorbs attacks. (AC +1, EV +1)
((You are camouflaged near water. (Stealth+)))
You have tentacles for arms and can constrict up to eight enemies at once.


Message History

Duvessa is heavily wounded.
You constrict Duvessa. Duvessa closely misses you.
You hit Duvessa. You squeeze Duvessa, but do no damage.
Duvessa is severely wounded.
You constrict Duvessa.
Dowan says, "Where the sword fails, magic succeeds!"
Dowan hits you with a +2 dagger of venom.
You hit Duvessa but do no damage.
Duvessa is severely wounded.
You constrict Duvessa, but do no damage.
Duvessa hits you with a +0 short sword!
* * * LOW HITPOINT WARNING * * *
Dowan closely misses you.
You hit Duvessa.
Duvessa is almost dead.
You constrict Duvessa. Duvessa hits you with a +0 short sword!
* * * LOW HITPOINT WARNING * * *
Unknown command.
You feel better.
You constrict Duvessa, but do no damage.
Dowan hits you with a +2 dagger of venom.
* * * LOW HITPOINT WARNING * * *
You are poisoned.
Duvessa hits you with a +0 short sword.
* * * LOW HITPOINT WARNING * * *
You feel yourself speed up.
You constrict Duvessa, but do no damage.
* * * LOW HITPOINT WARNING * * *
You feel sick.
Dowan hits you with a +2 dagger of venom.
* * * LOW HITPOINT WARNING * * *
You are more poisoned.
Duvessa misses you.
You hit Duvessa.
You kill Duvessa!
Yredelemnul accepts your kill.
Dowan screams, "No!
No!"
Dowan seems to find hidden reserves of power!
You die...
Your body rises from the dead as a mindless zombie.

#.........# #.........
#.........#
######......>.)
####.........#
#..............
....#........#
#.####.........
....#........# #.#
#.........
....#........# #.#
#......... ....#########
#.# #......... ....#
##########'#######+#####
....# #.......@e...#
...Z# #.....(.)....#
...Z# #............#
....# #............#
###.#####)...........#
#.....'............#
#######............#
#............#
#............#


You could see Dowan (fast).

Vanquished Creatures
  Maggie (D:7)
  A hornet (D:6)
  A human (D:3)
  A wyvern (D:6)
  A water moccasin (D:6)
  Duvessa (D:7)
  An ice beast (D:7)
  A black bear (D:6)
  A necrophage (D:6)
  2 centaurs (D:6)
  2 phantoms
  2 bullfrogs (D:6)
  2 scorpions
  4 killer bees (D:6)
  A howler monkey (D:7)
  A centaur zombie (D:6)
  2 jellies (D:5)
  A bullfrog skeleton (D:6)
  2 hounds (D:6)
  An orc priest (D:6)
  An orc wizard (D:7)
  A hound skeleton (D:4)
  4 gnolls (D:3)
  7 adders
  An ufetubus (D:4)
  3 adder skeletons (D:4)
  3 dart slugs
  9 orcs
  6 ball pythons
  9 bats
  9 endoplasms
  4 giant cockroaches
  9 goblins
  A hobgoblin (D:3)
  2 jackals (D:2)
  10 kobolds
  3 quokkas
  A frilled lizard (D:2)
  A gnoll zombie (D:3)
  A jackal zombie (D:3)
  5 rats
119 creatures vanquished.

Vanquished Creatures (collateral kills)
  A wight (D:6)
  A hound (D:6)
  A centaur skeleton (D:6)
  An iguana (D:6)
  A howler monkey zombie (D:6)
  An adder (D:2)
  A goblin (D:2)
  A quokka (D:2)
8 creatures vanquished.

Vanquished Creatures (others)
  A wight (D:6)
  2 bat zombies (D:3)
  A human zombie (D:3)
  An adder zombie (D:3)
  A ball python zombie (D:3)
  A bullfrog zombie (D:6)
  A giant cockroach zombie (D:3)
  2 goblin zombies (D:3)
  A hobgoblin zombie (D:3)
  A hound zombie (D:6)
  3 kobold zombies (D:3)
  2 orc zombies (D:7)
  A rat zombie (D:3)
  A water moccasin zombie (D:6)
19 creatures vanquished.

Grand Total: 146 creatures vanquished

Notes
Turn   | Place    | Note
-------+----------+-------------------------------------------
     0 | D:1      | tsouns the Octopode Brigand began the quest for the Orb.
     0 | D:1      | Reached XP level 1. HP: 14/14 MP: 1/1
    76 | D:1      | Found a faded altar of an unknown god.
   159 | D:1      | Became a worshipper of Yredelemnul the Dark
   159 | D:1      | Reached * piety under Yredelemnul
   187 | D:1      | Reached XP level 2. HP: 19/19 MP: 2/2
  1175 | D:2      | Reached XP level 3. HP: 23/24 MP: 3/3
  1347 | D:2      | Found a radiant altar of Vehumet.
  1518 | D:2      | Reached skill level 1 in Invocations
  1639 | D:2      | Reached ** piety under Yredelemnul
  2290 | D:2      | Reached XP level 4. HP: 20/29 MP: 2/4
  2448 | D:3      | Found a broken altar of Ashenzari.
  3015 | D:3      | Found a runed translucent door.
  3015 | D:3      | Noticed a human
  3022 | D:3      | Found a basalt altar of Yredelemnul.
  3698 | D:3      | Killed a human
  3699 | D:3      | Reached XP level 5. HP: 23/34 MP: 3/6
  3699 | D:3      | Reached XP level 6. HP: 27/39 MP: 3/7
  4134 | D:3      | Found a radiant altar of Vehumet.
  4461 | D:4      | Found a white marble altar of Elyvilon.
  4479 | D:4      | Reached *** piety under Yredelemnul
  4931 | D:4      | Found a blossoming altar of Fedhas.
  5072 | D:4      | Found an ancient bone altar of Kikubaaqudgha.
  5127 | D:5      | Entered Level 5 of the Dungeon
  5177 | D:5      | Found an ornate altar of the Wu Jian Council.
  5191 | D:5      | Reached skill level 1 in Shields
  5423 | D:5      | Found a bloodstained altar of Trog.
  5424 | D:5      | Found a sparkling altar of Nemelex Xobeh.
  5494 | D:5      | Reached XP level 7. HP: 45/45 MP: 9/9
  6412 | D:6      | Reached XP level 8. HP: 54/54 MP: 11/11
  6445 | D:6      | Reached skill level 5 in Short Blades
  6466 | D:6      | Received a gift from Yredelemnul (a wight)
  6475 | D:6      | HP: 2/54 [phantom (3)]
  6492 | D:6      | Reached skill level 5 in Invocations
  6912 | D:6      | Identified the +12 trident of Certain Death {elec, *Slow
                  | rN+ Dex+3 SInv}
  6920 | D:6      | Found a staircase to the Ecumenical Temple.
  7280 | D:6      | Found a glowing golden altar of the Shining One.
  7318 | D:6      | Noticed a wyvern
  7323 | D:6      | Killed a wyvern
  7407 | D:6      | Reached XP level 9. HP: 60/60 MP: 13/13
  7736 | D:6      | Reached skill level 5 in Fighting
  7930 | D:7      | Noticed a hornet
  7949 | D:6      | Killed a hornet
  8608 | D:7      | Noticed Maggie
  8614 | D:7      | Killed Maggie
  8619 | D:7      | Noticed Duvessa
  8624 | D:7      | Noticed Dowan
  8634 | D:7      | HP: 1/62 [Dowan/+2 dagger of venom (4)]
  8635 | D:7      | Killed Duvessa
  8635 | D:7      | Succumbed to Dowan's poison

Illustrated notes

Levels and vault maps discovered:
D:1:      dpeg_arrival_connections, layout_basic, shapermc_ecumenical_altar_venn
D:2:      layout_basic, basic_altar
D:3:      layout_loops_ring, ashenzari_conservatory_becter,
          dk_yredelemnul_ordeal, vehumet_altar_wand_db, st_stairs_7,
          minivault_24
D:4:      layout_basic, nicolae_overflow_crystal_walls,
          nicolae_kikubaaqudgha_miasma_corner, kennysheep_mini
D:5:      layout_loops_corners, lemuel_doored_altar,
          nicolae_overflow_hidden_temple
D:6:      minmay_thinvault, layout_layer_cave, tso_metal_star,
          minmay_temple_entry_mini_moons
D:7:      layout_basic, uniq_maggie, uniq_duvessa

Skill      XL: |  1  2  3  4  5  6  7  8  9 |
---------------+----------------------------+-----
Invocations    | 1 2 3 4 5 7 |  7.0
Stealth        | 6 7 |  7.0
Throwing       | 3 |  3.6
Short Blades   | 3 4 5 6 |  6.0
Shields        | 1 2 4 |  4.5
Fighting       | 3 4 6 |  6.1
Polearms       | |  0.2
Dodging        | |  1.0

Action                   |  1- 3 |  4- 6 |  7- 9 || total
-------------------------+-------+-------+-------++-------
Melee: Dagger            |    49 |   108 |    90 ||   247
       Tentacles         |     5 |    19 |    21 ||    45
       Constrict         |     6 |    27 |    15 ||    48
       Trident           |       |       |    20 ||    20
Throw: Dart              |       |     4 |     1 ||     5
Invok: Animate Remains   |    11 |    14 |       ||    25
       Animate Dead      |       |     3 |    10 ||    13
       Injury Mirror     |       |       |     1 ||     1
Evoke: Wand              |       |     2 |    11 ||    13
  Use: Scroll            |       |     5 |    10 ||    15
       Potion            |       |       |     5 ||     5
 Stab: Sleeping          |    22 |    11 |    14 ||    47
       Distracted        |       |     1 |       ||     1
Armor: Skin              |     2 |     8 |     2 ||    12
Dodge: Dodged            |    18 |    53 |    41 ||   112
Block: Buckler           |       |     1 |    26 ||    27

Table legend: (Time is in decaauts)
 A = Elapsed time spent in this place.
 B = Non-inter-level travel time spent in this place.
 C = Inter-level travel time spent in this place.
 D = Time resting spent in this place.
 E = Time spent auto-exploring this place.
 F = Levels seen in this place.
 G = Mean time per level.
                   A        B        C        D        E       F      G
               +--------+--------+--------+--------+--------+-----+--------+
         Total |   8602 |   8410 |    192 |      0 |   7264 |   7 | 1228.9 |
       Dungeon |   8602 |   8410 |    192 |      0 |   7264 |   7 | 1228.9 |
               +--------+--------+--------+--------+--------+-----+--------+

Top non-repeatable levels by time:
     D:6: 2122 daAuts
     D:3: 1826 daAuts
     D:2: 1269 daAuts
     D:1: 1155 daAuts
     D:5: 888 daAuts
     D:4: 856 daAuts
     D:7: 482 daAuts
